 Dungeon Crawl Stone Soup version 0.24.0-10-g970556be89 (webtiles) character file.

Game seed: 18006160860429096195, levelgen mode: deterministic

221 Majang the Digger (level 5, 0/49 HPs)
             Began as a Troll Earth Elementalist on Nov 4, 2019.
             Slain by a gnoll
             ... wielding a +0 halberd
              (7 damage)
             ... on level 3 of the Dungeon.
             The game lasted 00:07:18 (1754 turns).

Majang the Digger (Troll Earth Elementalist)        Turns: 1754, Time: 00:07:19

Health: 0/49       AC:  6    Str: 16    XL:     5   Next: 65%
Magic:  6/7        EV: 10    Int: 12    God:
Gold:   130        SH:  0    Dex: 10    Spells: 4/8 levels left

rFire    . . .     SeeInvis .     - Unarmed
rCold    . . .     Gourm    +   (no shield)
rNeg     . . .     Faith    .   c - +0 robe
rPois    .         Spirit   .   (helmet restricted)
rElec    .         Reflect  .   (no cloak)
rCorr    .         Harm     .   (gloves unavailable)
MR       .....                  (boots unavailable)
Stlth    +.........             (no amulet)
HPRegen  0.56/turn              (no ring)
MPRegen  0.10/turn              (no ring)

@: no status effects
A: large, unfitting armour, claws 3, fast metabolism 3, gourmand, regeneration
1, shaggy fur 1, tough skin 3
a: no special abilities


You were on level 3 of the Dungeon.
You were completely stuffed.

You visited 1 branch of the dungeon, and saw 3 of its levels.

You collected 130 gold pieces.

Inventory:

Missiles
 b - 119 stones (quivered)
Armour
 c - a +0 robe (worn)
Scrolls
 e - 3 scrolls of identify {unknown}
 f - a scroll of fear {unknown}
 g - a scroll of remove curse {unknown}
 h - 2 scrolls of teleportation {unknown}
 i - a scroll of enchant armour {unknown}
 j - 2 scrolls of enchant weapon {unknown}
 k - a scroll of fog {unknown}
 m - a scroll of magic mapping {unknown}
Potions
 l - a potion of degeneration {unknown}
 n - a potion of brilliance {unknown}
Comestibles
 a - a chunk of flesh
 d - 10 rations


   Skills:
 + Level 1.7 Fighting
 - Level 1.5 Dodging
 - Level 1.0 Stealth
 * Level 3.0 Unarmed Combat
 + Level 2.0 Spellcasting
 + Level 1.0 Conjurations
   Level 0.6 Transmutations
 + Level 3.4 Earth Magic


You had 4 spell levels left.
You knew the following spells:

 Your Spells              Type           Power        Failure   Level  Hunger
a - Sandblast             Erth           #.....       7%          1    ##.....
b - Stone Arrow           Conj/Erth      #.....       32%         3    ####...

Your spell library contained the following spells:

 Spells                   Type           Power        Failure   Level  Hunger
 Passwall                 Tmut/Erth      #.......     19%         2    ###....
 Petrify                  Tmut/Erth      #.......     75%         4    #####..
 Lee's Rapid Deconstruct  Erth           #.........   88%         5    ######.


Dungeon Overview and Level Annotations

Branches:
Dungeon (3/15)

Altars:


Innate Abilities, Weirdness & Mutations

You are too large for most types of armour.
You have claws for hands.
Your metabolism is lightning-fast.
You like to eat raw meat.
Your natural rate of healing is unusually fast.
You are covered in fur. (AC +1)
You have extremely tough skin. (AC +3)


Message History

Items here: )) [[[ †††† You scratch the gnoll.
The gnoll is lightly wounded.
The gnoll hits you with a +0 flail. The gnoll hits you with a +0 halberd!
You scratch the gnoll.
The gnoll is heavily wounded.
The gnoll hits you with a +0 flail!
You scratch the gnoll.
The gnoll is heavily wounded.
The gnoll hits you with a +0 halberd.
* * * LOW HITPOINT WARNING * * *
You barely miss the gnoll.
The gnoll is heavily wounded.
The gnoll barely misses you. The gnoll closely misses you.
You closely miss the gnoll.
The gnoll is heavily wounded.
The gnoll hits you with a +0 flail.
* * * LOW HITPOINT WARNING * * *
The gnoll hits you with a +0 halberd!
You die...

#..########## #
#...........#
.###...........#
..............# #
#(...........#
#.#............#
####..g)..........#
......g@..........#
....#.............#
. #.............#
##............#
#............#
#............#
#..#########.# #..#
#.# #.#


You could see 2 gnolls.

Vanquished Creatures
  An orc priest (D:3)
  Natasha (thrice) (D:2)
  2 gnolls (D:3)
  2 adders (D:2)
  A worm (D:2)
  2 dart slugs (D:1)
  2 leopard geckos
  3 orcs (D:3)
  12 bats
  2 giant cockroaches (D:1)
  10 goblins
  5 hobgoblins
  2 jackals (D:2)
  3 quokkas (D:2)
  3 frilled lizards
  11 kobolds
  6 rats
70 creatures vanquished.

Notes
Turn   | Place    | Note
-------+----------+-------------------------------------------
     0 | D:1      | Majang the Troll Earth Elementalist began the quest for the
                  | Orb.
     0 | D:1      | Reached XP level 1. HP: 16/16 MP: 1/1
   141 | D:1      | Reached XP level 2. HP: 24/24 MP: 3/3
   374 | D:1      | Reached skill level 1 in Unarmed Combat
   530 | D:1      | Reached XP level 3. HP: 32/32 MP: 4/4
   538 | D:1      | Learned a level 3 spell: Stone Arrow
   806 | D:2      | Reached skill level 1 in Fighting
   897 | D:2      | Reached XP level 4. HP: 24/41 MP: 5/5
  1116 | D:2      | Noticed Natasha
  1119 | D:2      | Killed Natasha
  1191 | D:2      | Noticed Natasha
  1196 | D:2      | Killed Natasha
  1363 | D:2      | Noticed Natasha
  1389 | D:2      | Killed Natasha
  1389 | D:2      | Reached XP level 5. HP: 39/48 MP: 6/6
  1748 | D:3      | Reached skill level 1 in Conjurations
  1754 | D:3      | Slain by a gnoll

Levels and vault maps discovered:
D:1:      minmay_arrival_wavy_path, layout_loops_ring, serial_glass,
          glass_columns_b, glass_columns_a
D:2:      layout_loops_ring, first_ration, uniq_natasha
D:3:      layout_basic

Skill      XL: |  1  2  3  4  5 |
---------------+----------------+-----
Earth Magic    | 3 |  3.4
Unarmed Combat | 1 2 3 |  3.0
Fighting       | 1 |  1.7
Spellcasting   | 2 |  2.0
Conjurations   | 1 |  1.0
Dodging        | |  1.5
Stealth        | |  1.0
Transmutations | |  0.6

Action                   |  1- 3 |  4- 6 || total
-------------------------+-------+-------++-------
Melee: Unarmed           |   146 |    95 ||   241
       Punch             |     1 |       ||     1
 Cast: Sandblast         |     1 |       ||     1
 Stab: Sleeping          |     3 |       ||     3
  Eat: Chunk             |    14 |     8 ||    22
Armor: Robe              |    45 |    36 ||    81
Dodge: Dodged            |    83 |    49 ||   132
